Orko, chaotic male orcish Wizard ----------- .........| |.. +........ |......o<....| -------------- Orko the Evoker Experience level: 2 Strength: 11 Dexterity: 14 Constitution: 12 Intelligence: 16 Wisdom: 9 Charisma: 13 Health: 0(21) Energy: 13(16) Def: 0 Gold: 284 Moves: 527 Dungeon seed: y8m-3vxhmhA2j_C7 Game ID: Orko_1570321340 Your Inventory: Boulders/Statues E - an uncursed statue of a yellow mold Spellbooks l - a blessed spellbook of force bolt m - a blessed spellbook of detect unseen Rings C - an uncursed ring of searching (on left hand) D - an uncursed ring of poison resistance Armor n - an uncursed +0 cloak of magic resistance y - an uncursed +0 cloak of displacement Weapons b - a blessed +1 quarterstaff (weapon in hands) c - a cursed -1 crossbow Wands w - an uncursed wand of teleportation named ziii (0:2) W - an uncursed wand of polymorph (0:8) Potions G - an uncursed potion of confusion H - a blessed potion of levitation Scrolls i - an uncursed scroll of identify j - an uncursed scroll of destroy armor k - an uncursed scroll of enchant weapon t - an uncursed scroll of food detection Comestibles u - an uncursed tripe ration v - an uncursed food ration N - an uncursed orange Tools p - an uncursed towel X - an uncursed magic marker (0:52) Gems q - an uncursed worthless piece of yellowish brown glass Coins $ - 284 gold pieces Spells and supernatural/magical abilities: Name Level Category Fail Memory a - force bolt 1 attack 0% 98% U - detect unseen 3 divination 100% 98% W - pray for help -- divine ? -- Your skills at the end: Fighting Skills Weapon Skills quarterstaff [Basic] Spellcasting Skills attack spells [Basic] enchantment spells [Basic] Final Attributes: You were piously aligned. You were poison resistant. You were hallucinating. You had wounded legs. You had automatic searching. You had infravision. You are dead. Vanquished creatures: a shrieker a giant rat 3 cave spiders a gnome zombie 3 jackals 2 grid bugs a lichen a newt and a partridge in a pear tree 13 creatures vanquished. Voluntary challenges: You were an atheist. You used a wielded weapon 9 times, starting on turn 23. You were illiterate. You never genocided any monsters. You never polymorphed an object. You never changed form. You used no wishes. You never split a pudding. You never wrote Elbereth's name. You never violated your personal moral code. You abstained from Elbereth's help. You werepermanently hallucinating. Dungeon overview: The Dungeons of Doom: levels 1 to 6 Level 1 a long staircase Level 2 a fountain Level 3 Level 4 a fountain Level 5 Level 6 <- You were here History has recorded: On T:1 you entered the Dungeons of Doom to retrieve the Amulet of Yendor! On T:31 you reached level 2 of The Dungeons of Doom. On T:73 you reached level 3 of The Dungeons of Doom. On T:91 you reached level 4 of The Dungeons of Doom. On T:241 you advanced to experience level 2. On T:385 you reached level 5 of The Dungeons of Doom. On T:526 you reached level 6 of The Dungeons of Doom. Score breakdown: Gold: 284 ( 8350 points) Experience: 2 levels ( 5570 points) Exploration: 6 levels ( 12.00%) ( 9583 points) Discoveries: 4 items ( 1.45%) ( 3611 points) Valuables value: (no points given unless you survive) Artifact value: 0 ( 0 points) Variety of kills: 8 monsters ( 2.10%) ( 4347 points) Turncount: 527 turns ( 0 points) Survival: died (score multiplied by 80%) Total score: 25168 Latest messages: The spell hits it. You destroy the hell hound pup! You see here 169 gold pieces. $ - 169 gold pieces. The door opens. You see here a large box. You have a little trouble lifting z - a large box. Your movements are slowed slightly because of your load. Your movements are now unencumbered. The door closes. You see here a large box. You see here a sling. KAABLAMM!!! You triggered a land mine! You die... The statue of a yellow mold is empty. The statue of a yellow mold is empty. Final status: Goodbye Orko the Wizard, killed by a land mine... You died in The Dungeons of Doom on dungeon level 6 with 25168 points, and 284 pieces of gold, after 527 moves. You were level 2 with a maximum of 21 hit points when you died.